 Dungeon Crawl Stone Soup version 0.28-a0-957-g42eb19b844 (webtiles) character file.

Game seed: 9538878922645687816

255140 frimble the Deadly Accurate (level 19, -14/197 HPs)
             Began as a Troll Warper on Dec 1, 2021.
             Was the Champion of Cheibriados.
             Killed by an exploding spark wasp (16 damage)
             ... ignited by their inner flame
             ... on level 4 of the Spider Nest.
             The game lasted 01:12:33 (35208 turns).

frimble the Deadly Accurate (Troll Warper)         Turns: 35208, Time: 01:12:34

Health: -14/197    AC: 28    Str: 38 (39) XL:     19   Next: 42%
Magic:  0/27       EV: 17    Int: 29 (30) God:    Cheibriados [******]
Gold:   4539       SH: 18    Dex: 28      Spells: 16/22 levels left

rFire   . . .      SeeInvis +   A - +8 demon whip (elec)
rCold   + . .      Faith    .   O - +0 kite shield
rNeg    + . .      Spirit   .   C - +7 pearl dragon scales
rPois   .          Reflect  +   o - +0 hat {SInv}
rElec   +          Harm     .   v - +1 cloak
rCorr   .          Rampage  .   (gloves unavailable)
Will    +++..                   (boots unavailable)
Stlth   +.........              y - amulet of reflection
HPRegen 1.22/turn               W - ring "Bucegat" {rC+ AC+4 Dex+4}
MPRegen 0.20/turn               X - ring "Lalioru" {rElec Will++ SInv}

@: lethally poisoned (-14 -> -15), studying 2 skills, very slow
A: large, unfitting armour, claws 3, regeneration 1, shaggy fur 1, tough skin 1,
sense surroundings 1
}: 1/15 runes: abyssal
a: Renounce Religion, Bend Time, Temporal Distortion, Slouch, Step From Time


You were on level 4 of the Spider Nest.
You worshipped Cheibriados.
Cheibriados was exalted by your worship.
You visited 6 branches of the dungeon, and saw 31 of its levels.
You visited the Abyss 1 time.
You also visited: Ossuary, Gauntlet, Ice Cave and Desolation.

You collected 5571 gold pieces.
You spent 1032 gold pieces at shops.

Inventory:

Hand Weapons
 A - a +8 demon whip of electrocution (weapon)
Missiles
 d - 10 silver javelins (quivered)
 n - a throwing net
 u - 7 javelins
Armour
 o - a +0 hat of see invisible (worn)
 v - a +1 cloak (worn)
 C - +7 pearl dragon scales (worn)
 O - a +0 kite shield (worn)
Jewellery
 i - an amulet of regeneration
 t - a +6 ring of intelligence
 w - a ring of flight
 y - an amulet of reflection (around neck)
 M - an amulet of magic regeneration
 U - a ring of resist corrosion
 W - the ring "Bucegat" (left claw) {rC+ AC+4 Dex+4}
   (You bought it in a shop on level 2 of the Orcish Mines)

   [ring of protection]

   AC:        It affects your AC (+4).
   Dex:       It affects your dexterity (+4).
   rC:        It protects you from cold.
 X - the ring "Lalioru" (right claw) {rElec Will++ SInv}
   (You found it in the Desolation of Salt)

   [ring of see invisible]

   rElec:     It insulates you from electricity.
   SInv:      It lets you see invisible.
   Will:      It greatly increases your willpower.
 Y - the ring "Dyileur" {rC+ Int+4 Slay+2 Stlth+}
   (You found it in the Desolation of Salt)

   [ring of protection from cold]

   Int:       It affects your intelligence (+4).
   Slay:      It affects your accuracy & damage with ranged weapons and melee
   (+2).
   rC:        It protects you from cold.
   Stlth:     It makes you more stealthy.
 Z - the ring of the Solstice {rF+ Int+3 Dex+4}
   (You took it off an imperial myrmidon in the Desolation of Salt)

   [ring of protection from fire]

   Int:       It affects your intelligence (+3).
   Dex:       It affects your dexterity (+4).
   rF:        It protects you from fire.
Wands
 e - a wand of mindburst (13)
 p - a wand of polymorph (4)
 I - a wand of iceblast (25)
 J - a wand of acid (14)
 N - a wand of digging (6)
Scrolls
 b - 6 scrolls of blinking
 j - a scroll of brand weapon
 k - 14 scrolls of identify
 l - 11 scrolls of teleportation
 m - 2 scrolls of fog
 q - 3 scrolls of enchant weapon
 F - 9 scrolls of magic mapping
 H - 6 scrolls of amnesia
 P - 2 scrolls of holy word
Potions
 c - 10 potions of ambrosia
 f - 4 potions of haste
 g - 12 potions of curing
 h - a potion of resistance
 r - a potion of cancellation
 x - a potion of invisibility
 z - 2 potions of mutation
 B - 4 potions of magic
 G - 5 potions of heal wounds
 K - a potion of brilliance
 L - 3 potions of might
 R - 2 potions of attraction
 S - a potion of flight
 V - a potion of berserk rage
Miscellaneous
 a - a condenser vane (inert)
 s - a tin of tremorstones (inert)
 D - a phantom mirror


   Skills:
 + Level 14.1 Fighting
 - Level 12.0 Maces & Flails
 + Level 15.8 Throwing
 - Level 7.0 Armour
 + Level 10.5 Dodging
 - Level 8.0 Shields
 - Level 8.3 Unarmed Combat
 - Level 2.0 Spellcasting
 - Level 7.0 Translocations
 - Level 12.0 Invocations
 - Level 8.0 Evocations


You had 16 spell levels left.
You knew the following spells:

 Your Spells              Type           Power      Damage    Failure   Level
a - Blink                 Tloc           86%        N/A       1%          2
b - Passage of Golubria   Tloc           43%        N/A       11%         4

Your spell library contained the following spells:

 Spells                   Type           Power      Damage    Failure   Level
 Gell's Gravitas          Tloc           43%        N/A       3%          3
 Lesser Beckoning         Tloc           43%        N/A       3%          3
 Teleport Other           Tloc           43%        N/A       3%          3
 Animate Skeleton         Necr           4%         N/A       21%         1
 Beastly Appendage        Tmut           4%         N/A       21%         1
 Foxfire                  Conj/Fire      8%         2x1d4     21%         1
 Freeze                   Ice            8%         1d3       21%         1
 Pain                     Necr           8%         1d4       21%         1
 Shock                    Conj/Air       8%         1d3       21%         1
 Slow                     Hex            8%         N/A       21%         1
 Sting                    Tmut/Pois      8%         1d3       21%         1
 Summon Small Mammal      Summ           8%         N/A       21%         1
 Ensorcelled Hibernation  Hex/Ice        4%         N/A       30%         2
 Poisonous Vapours        Pois/Air       4%         N/A       30%         2
 Static Discharge         Conj/Air       2%         N/A       30%         2
 Manifold Assault         Tloc           43%        N/A       30%         5
 Confusing Touch          Hex            2%         N/A       52%         3
 Conjure Flame            Conj/Fire      2%         6-21      52%         3
 Frozen Ramparts          Ice            4%         1d2       52%         3
 Ignite Poison            Fire/Tmut/Pois 2%         N/A       52%         3
 Inner Flame              Hex/Fire       2%         N/A       52%         3
 Ozocubu's Armour         Ice            2%         N/A       52%         3
 Stone Arrow              Conj/Erth      4%         3d7       52%         3
 Swiftness                Air            2%         N/A       52%         3
 Tukima's Dance           Hex            2%         N/A       52%         3
 Vampiric Draining        Necr           2%         2d6       52%         3
 Dispersal                Tloc           21%        N/A       86%         6
 Airstrike                Air            1%         N/A       89%         4
 Animate Armour           Summ/Erth      4%         N/A       89%         4
 Dispel Undead            Necr           2%         3d7       89%         4
 Flame Wave               Conj/Fire      2%         2d4       89%         4
 Fulminant Prism          Conj/Hex       1%         3d6       89%         4
 Hailstorm                Conj/Ice       2%         3d3       89%         4
 Ice Form                 Ice/Tmut       2%         N/A       89%         4
 Leda's Liquefaction      Hex/Erth       1%         N/A       89%         4
 Olgreb's Toxic Radiance  Pois           2%         N/A       89%         4
 Petrify                  Tmut/Erth      2%         N/A       89%         4
 Sticky Flame             Conj/Fire      2%         2d3       89%         4
 Summon Ice Beast         Ice/Summ       2%         N/A       89%         4
 Summon Lightning Spire   Summ/Air       2%         N/A       89%         4
 Fireball                 Conj/Fire      1%         3d3       99%         5
 Freezing Cloud           Conj/Ice/Air   1%         6-21      99%         5
 Lee's Rapid Deconstruct  Erth           1%         3d5*      99%         5
 Metabolic Englaciation   Hex/Ice        1%         N/A       99%         5
 Silence                  Hex/Air        1%         N/A       99%         5
 Summon Mana Viper        Hex/Summ       2%         N/A       99%         5
 Simulacrum               Ice/Necr       1%         N/A       100%        6
 Statue Form              Tmut/Erth      1%         N/A       100%        6
 Summon Cactus Giant      Summ           1%         N/A       100%        6
 Malign Gateway           Summ/Tloc      11%        N/A       100%        7
 Ozocubu's Refrigeration  Ice            1%         4d5       100%        7
 Borgnjor's Revivificati  Necr           1%         N/A       100%        8
 Ignition                 Fire           1%         3d3       100%        8
 Infestation              Necr           1%         N/A       100%        8
 Lehudib's Crystal Spear  Conj/Erth      1%         10d2      100%        8
 Summon Horrible Things   Summ           1%         N/A       100%        8


Dungeon Overview and Level Annotations

Branches:
Dungeon (15/15)            Temple (1/1) D:6            Lair (6/6) D:11
 Shoals (0/4) Lair:2       Spider (4/4) Lair:4        Slime (0/5) Lair:6
    Orc (2/2) D:9             Elf (3/3) Orc:2        Vaults (0/5) D:13
 Depths (0/4) D:15        Ossuary (visited)           IceCv (visited)
Desolation (visited)      Gauntlet (visited)

Altars:
Cheibriados
Elyvilon
Fedhas
Hepliaklqana
Kikubaaqudgha
Nemelex Xobeh
Uskayaw
Vehumet
Wu Jian
Xom
Yredelemnul
Zin
The Shining One
Beogh

Shops:
D:8 (   Orc:2 *([=   Elf:2 [

Annotations:
D:6 1 runed translucent door, Crazy Yiuf
D:7 2 transporters, Zonian's ghost, novice VSBr
Lair:5 exclusion: oklob plant
Elf:2 6 runed translucent doors, hellse's ghost, adept DEEE


Innate Abilities, Weirdness & Mutations

You are too large for most types of armour.
You have claws for hands.
Your natural rate of healing is unusually fast.
You are covered in fur. (AC +1)
You have tough skin. (AC +1)
You passively map a small area around you.


Message History

The ghost moth hits you but does no damage.
You block the ghost moth's attack. The ghost moth misses you.
The spark wasp is engulfed in blazing flames.
Flame seeps out of the spark wasp.
You block the spark wasp's attack. The ghost moth stares at you.
The ghost moth hits you.
The ghost moth hits you but does no damage.
The ghost moth stings you but does no damage.
You punish the demonic crawler, causing immense pain!!!
Flame seeps out of the demonic crawler.
The demonic crawler is almost dead.
You feel sick.
You hear an angry hiss. x3
Flame seeps out of the spark wasp.
Flame seeps out of the orb spider.
The orb spider is engulfed in poison gas.
The orb spider looks as sick as possible!
Flame seeps out of the orb spider.
You block the demonic crawler's attack. The demonic crawler hits you!
You block the demonic crawler's attack.
The spark wasp is engulfed in blazing flames.
Flame seeps out of the spark wasp.
The spark wasp completely misses you.
You thrash the demonic crawler!!
Cheibriados thoroughly appreciates the change of pace.
The demonic crawler explodes!
The fiery explosion engulfs the ghost moth!!
Cheibriados thoroughly appreciates the change of pace.
The fiery explosion engulfs you!!
* * * LOW HITPOINT WARNING * * *
The fiery explosion engulfs the ghost moth!!!
Cheibriados thoroughly appreciates the change of pace.
The ghost moth explodes!
The fiery explosion engulfs you!!
* * * LOW HITPOINT WARNING * * *
The ghost moth explodes!
The fiery explosion engulfs the spark wasp!!
Cheibriados thoroughly appreciates the change of pace.
The fiery explosion engulfs you!!
* * * LOW HITPOINT WARNING * * *
The spark wasp explodes!
The fiery explosion engulfs you!
You die...

,,,*,,,........#..≈≈≈≈#≈^≈^***≈≈≈
,,,,,,,......≈...#≈≈≈##≈,,,^,***≈
,,,,,,,,.....#.?..≈≈≈#,≈,,*,^,≈*≈
,,,,,,,,...,##.†#.≈≈≈#,*,,,,,,^*≈
,,,,,,,,.^,,#...^.≈≈≈#^,,,,,,,≈*≈
,*,,,,,,..,*##.(..≈≈≈#^^,,^,,*^*≈
,,,,,,,,...###.^§.§≈≈##*^,*,****≈
,,,,*,,,......§§§§§§§§##^,,^,**≈≈
,^,,,,,,.....^§°@§§s§§≈#**^***≈≈≈
,,,,,,,,....#^§§§§§☼§§≈≈≈≈,≈≈≈≈≈≈
,,,,,,,,..^##..§§§§§§§§§≈^,*≈≈≈≈≈
,,,,,,,,...^#.≈#.^..§†≈§≈*^^≈≈≈≈≈
,,,,,,,,..,..#≈..#..(§§§≈*^,,,*,*
,,,,,,,,,,....^...^..(..,,*^^***^
,,,*,,,^.....≈....#....^*,^,,*,,,
,,,,,,,,#....##^.....(.(,,^,,,,^,
*,,,^,,,.....**^≈^..#..,,*,,,,,,,


You could see an orb spider (inner flame, extremely poisoned).

Vanquished Creatures
  Nikola (Spider:1)
  A bone dragon (D:14)
  Jorgrun (D:12)
  2 deep elf blademasters (Elf:3)
  Asterion (Elf:2)
  A deep elf master archer (Elf:3)
  3 orc warlords
  9 deep elf sorcerers
  5 emperor scorpions
  An imperial myrmidon (Desolation)
  4 ghost moths
  6 deep elf elementalists
  2 very ugly things (IceCv)
  A stone giant (D:15)
  4 deep elf demonologists
  2 halazid warlocks (Desolation)
  Azrael (D:12)
  An entropy weaver (shapeshifter) (Elf:2)
  2 spark wasps (Spider:4)
  A minotaur (Gauntlet)
  4 entropy weavers
  6 deep elf annihilators (Elf:3)
  2 green deaths
  7 ettins
  2 crystal guardians (Desolation)
  6 deep elf death magi
  3 ragged hierophants (Desolation)
  5 deep elf high priests (Elf:3)
  Josephine (D:13)
  Fannar (Orc:1)
  Harold (D:11)
  9 hydras
  6 peacekeepers (Desolation)
  2 ogre magi (D:13)
  2 ice dragons
  7 servants of whispers (Desolation)
  A caustic shrike simulacrum (IceCv)
  Erolcha (D:13)
  4 boulder beetles
  A catoblepas (D:14)
  16 dancing weapons
  8 centaur warriors
  An alligator (Lair:6)
  2 death knights (D:12)
  17 two-headed ogres
  3 tengu warriors
  2 orc high priests
  4 death yaks (Lair:3)
  Urug (D:12)
  10 deep elf knights
  2 shadow wraiths (Abyss:3)
  A hell knight (D:12)
  5 skeletal warriors
  A large abomination (Abyss:3)
  2 flayed ghosts (Abyss:3)
  A wizard (D:14)
  An ironbound convoker (Desolation)
  2 lindwurms (Lair:6)
  14 deep elf archers
  25 deep elf pyromancers
  An orange crystal statue (IceCv)
  10 orc knights
  24 deep elf zephyrmancers
  5 orc sorcerers
  16 ugly things
  A will-o-the-wisp (Abyss:3)
  27 wolf spiders
  17 orb spiders
  4 manticores
  3 cyclopes
  3 moths of wrath
  2 guardian serpents (Desolation)
  4 black mambas
  A merfolk siren (Lair:2)
  A cane toad (shapeshifter) (Elf:3)
  A molten gargoyle (Desolation)
  A gargoyle (D:12)
  8 torpor snails
  13 cane toads
  2 unseen horrors
  11 komodo dragons
  2 efreet
  A yaktaur (D:13)
  An ice devil (Gauntlet)
  4 freezing wraiths
  12 demonic crawlers
  An ancient zyme (Abyss:3)
  An anaconda simulacrum (IceCv)
  3 kobold demonologists
  5 rime drakes
  A golden dragon simulacrum (IceCv)
  A tengu conjurer (D:13)
  35 jumping spiders
  A silent spectre (Abyss:3)
  9 trolls
  3 meliai (Spider:3)
  18 hornets
  A meliai (shapeshifter) (Elf:3)
  A queen bee (Lair:1)
  41 saltlings (Desolation)
  5 raiju (Lair:6)
  3 tyrant leeches (Lair:6)
  A slime creature (D:12)
  A small abomination (Abyss:3)
  4 dream sheep (Lair:4)
  13 polar bears
  8 blink frogs
  3 flying skulls (Gauntlet)
  59 yaks
  2 air elementals
  56 redbacks
  2 shadows
  31 tarantellas
  8 wraiths
  4 wyverns
  5 basilisks
  A dire elephant simulacrum (IceCv)
  A neqoxec (Abyss:3)
  Eustachio (D:4)
  A golden eye (D:12)
  6 fire elementals
  A chaos spawn (Abyss:3)
  2 steam dragons
  9 wargs
  8 vampire mosquitoes
  Edmund (D:4)
  14 hell hounds
  14 water moccasins
  3 acid dragons
  A hydra simulacrum (IceCv)
  A floating eye (Abyss:3)
  39 orc warriors
  A hornet zombie (D:8)
  2 ice beasts
  A sky beast (D:8)
  14 black bears
  An ettin simulacrum (IceCv)
  An alligator simulacrum (IceCv)
  A necrophage (D:8)
  11 ogres
  25 wolves
  22 centaurs
  5 kobold brigands
  Blork the orc (Orc:2)
  15 bullfrogs
  7 gnoll sergeants
  5 scorpions
  A water moccasin skeleton (D:7)
  A lindwurm simulacrum (IceCv)
  35 killer bees
  12 wights
  5 howler monkeys
  3 electric eels
  6 centaur zombies
  A bullfrog zombie (D:4)
  3 hounds
  An iron imp (Abyss:3)
  16 jellies
  2 centaur skeletons
  A gnoll shaman (Orc:1)
  2 iguanas (D:4)
  3 bullfrog skeletons
  27 orc priests
  33 orc wizards
  4 hell rats (Lair:2)
  2 killer bee zombies (D:8)
  A howler monkey zombie (D:10)
  3 mummies (Ossuary)
  16 gnolls
  7 adders
  A howler monkey skeleton (D:4)
  A shadow imp (D:8)
  7 white imps
  An ufetubus (D:4)
  A worm (D:2)
  5 dart slugs
  72 orcs
  6 bats
  3 endoplasms
  3 giant cockroaches
  A gnoll zombie (Ossuary)
  4 goblins
  8 hobgoblins
  3 jackals (D:3)
  7 ball pythons
  3 frilled lizards (D:3)
  3 goblin zombies (Ossuary)
  A hobgoblin zombie (Ossuary)
  7 kobolds
  4 kobold zombies (Ossuary)
  2 rats
1282 creatures vanquished.

Vanquished Creatures (collateral kills)
  A deep elf blademaster (Elf:3)
  A deep elf annihilator (Elf:3)
  A deep elf pyromancer (Elf:3)
3 creatures vanquished.

Vanquished Creatures (others)
  A deep elf knight (Elf:2)
  A deep elf zephyrmancer (Elf:2)
  A tarantella (Spider:1)
  A yak (D:11)
  A golden eye (shapeshifter) (D:14)
  An orc warrior (Elf:1)
  A demonic plant (Gauntlet)
  2 foxfires (Abyss:3)
  65 fungi
  17 pillars of salt (Elf:1)
  104 plants
  3 withered plants (Gauntlet)
198 creatures vanquished.

Grand Total: 1483 creatures vanquished

Notes
Turn   | Place    | Note
-------+----------+-------------------------------------------
     0 | D:1      | frimble the Troll Warper began the quest for the Orb.
     0 | D:1      | Reached XP level 1. HP: 19/19 MP: 1/1
    26 | D:1      | Found a faded altar of an unknown god.
    89 | D:1      | Reached skill level 1 in Throwing
   180 | D:1      | Reached XP level 2. HP: 26/28 MP: 3/3
   754 | D:2      | Reached XP level 3. HP: 31/35 MP: 4/4
   817 | D:2      | Learned a level 2 spell: Blink
  1260 | D:3      | Noticed a water moccasin
  1385 | D:4      | Reached XP level 4. HP: 37/42 MP: 5/5
  1412 | D:4      | You fall into a shaft and drop 1 floor!
  1412 | D:5      | Entered Level 5 of the Dungeon
  1412 | D:5      | Noticed a scorpion
  1417 | D:5      | Killed a scorpion
  1420 | D:5      | Reached skill level 2 in Throwing
  1420 | D:5      | Reached XP level 5. HP: 49/49 MP: 6/6
  1515 | D:5      | Noticed an ogre
  1525 | D:5      | Noticed a black bear
  1536 | D:5      | Killed an ogre
  1537 | D:5      | Reached XP level 6. HP: 42/59 MP: 3/8
  1759 | D:5      | Reached skill level 3 in Throwing
  1796 | D:5      | Reached XP level 7. HP: 26/67 MP: 9/9
  2633 | D:4      | Noticed Edmund
  2637 | D:4      | Noticed Eustachio
  2820 | D:4      | Killed Eustachio
  2821 | D:4      | Reached skill level 1 in Evocations
  2821 | D:4      | Reached XP level 8. HP: 70/78 MP: 10/10
  2862 | D:4      | Killed Edmund
  3128 | D:3      | Reached skill level 5 in Unarmed Combat
  3391 | D:3      | Found a hazy altar of Hepliaklqana.
  3742 | D:6      | Found a staircase to the Ecumenical Temple.
  4348 | D:6      | Found a runed translucent door.
  4349 | D:6      | Noticed Crazy Yiuf
  4809 | D:7      | Reached XP level 9. HP: 61/87 MP: 11/11
  4820 | D:7      | Reached skill level 5 in Fighting
  4882 | D:7      | Noticed Zonian's ghost (novice VSBr)
  4920 | D:7      | Reached skill level 5 in Translocations
  5106 | D:7      | Found a transporter.
  5109 | D:7      | Found a transporter.
  5499 | D:8      | Found a sand-covered staircase.
  5502 | D:8      | Found Huheops's Weapon Shoppe.
  5696 | Ossuary  | Entered an ossuary
  6093 | D:8      | Noticed a two-headed ogre
  6146 | D:8      | Killed a two-headed ogre
  6319 | D:8      | Reached XP level 10. HP: 84/96 MP: 12/12
  6332 | D:8      | Noticed a two-headed ogre
  6428 | D:8      | Killed a two-headed ogre
  6436 | D:8      | Reached skill level 4 in Throwing
  6526 | D:8      | Identified the amulet "Qarugeh" {Acrobat Rampage rPois
                  | Str-2 Int+5}
  6526 | D:8      | Noticed a centaur warrior
  6541 | D:8      | Killed a centaur warrior
  6565 | D:8      | Noticed a purple ugly thing
  6576 | D:8      | Killed a purple ugly thing
  6647 | D:8      | Identified the +6 scimitar of Wrath {antimagic, Str+10
                  | Int-3 Dex-3 Stlth+}
  6647 | D:8      | Noticed a centaur warrior
  6665 | D:8      | Killed a centaur warrior
  6681 | D:8      | Reached skill level 5 in Throwing
  6852 | D:8      | Reached skill level 1 in Maces & Flails
  7298 | D:8      | Reached XP level 11. HP: 90/109 MP: 13/13
  8452 | D:9      | Reached skill level 6 in Throwing
  8661 | D:9      | Found a staircase to the Orcish Mines.
  8932 | D:9      | Reached skill level 5 in Maces & Flails
  9575 | D:10     | Entered Level 10 of the Dungeon
  9747 | D:10     | Noticed a two-headed ogre
  9756 | D:10     | Killed a two-headed ogre
 10191 | D:11     | Noticed Harold
 10207 | D:11     | Noticed a purple ugly thing
 10237 | D:11     | Killed a purple ugly thing
 10253 | D:11     | Killed Harold
 10277 | D:11     | Found a gate leading to a gauntlet.
 10286 | Gauntlet | Entered a Gauntlet
 10286 | Gauntlet | Found a transporter.
 10286 | Gauntlet | Found a transporter.
 10330 | Gauntlet | Found a transporter.
 10333 | Gauntlet | Found a transporter.
 10350 | Gauntlet | Found a transporter.
 10358 | Gauntlet | Found a transporter.
 10362 | Gauntlet | Found a transporter.
 10370 | Gauntlet | Found a transporter.
 10383 | Gauntlet | Noticed a green death
 10386 | Gauntlet | Found a transporter.
 10400 | Gauntlet | Found a transporter.
 10404 | Gauntlet | Found a transporter.
 10412 | Gauntlet | Found a transporter.
 10471 | Gauntlet | Found a runed translucent door.
 10601 | Gauntlet | Killed a green death
 10669 | Gauntlet | Identified the +4 hand crossbow of the Lettuce {flame, Fly
                  | Str+3 Dex-2}
 10669 | Gauntlet | Noticed a minotaur
 10693 | Gauntlet | Killed a minotaur
 10715 | Gauntlet | Found the +4 Cigotuvi's embrace {rMiasma Drain rN+}
 10724 | Gauntlet | Got the Reference Book on Beguiling and the Arsonist
 10728 | Gauntlet | Got Osaghitt's Tome of the Compass
 10734 | Gauntlet | Identified the +9 dagger of Law {freeze, rN+++ Will- rCorr
                  | MP-9}
 10777 | D:11     | Found a staircase to the Lair.
 10798 | D:11     | Reached XP level 12. HP: 118/118 MP: 14/14
 10812 | D:11     | Noticed a two-headed ogre
 10840 | D:11     | Reached skill level 1 in Armour
 10881 | Lair:1   | Entered Level 1 of the Lair of Beasts
 11337 | Lair:1   | Reached skill level 10 in Maces & Flails
 12126 | Lair:2   | Reached skill level 5 in Armour
 12425 | Lair:2   | Found a staircase to the Shoals.
 13014 | D:11     | Reached XP level 13. HP: 106/124 MP: 15/15
 13599 | Temple   | Entered the Ecumenical Temple
 13724 | Temple   | Became a worshipper of Cheibriados the Contemplative
 14008 | Lair:3   | Found a blossoming altar of Fedhas.
 14817 | Lair:4   | Found a hole to the Spider Nest.
 14884 | Lair:4   | Reached skill level 1 in Invocations
 15040 | Lair:4   | Reached * piety under Cheibriados
 15777 | Lair:5   | Reached ** piety under Cheibriados
 15864 | Lair:5   | Found a shimmering altar of Xom.
 15946 | Lair:5   | Reached skill level 5 in Evocations
 16022 | Lair:5   | You fall into a shaft and drop 1 floor!
 16022 | Lair:6   | Entered Level 6 of the Lair of Beasts
 16022 | Lair:6   | Found a staircase to the Slime Pits.
 16056 | Lair:6   | Reached *** piety under Cheibriados
 16535 | Lair:6   | Reached **** piety under Cheibriados
 16555 | Lair:6   | Reached XP level 14. HP: 109/136 MP: 16/16
 16697 | Lair:6   | Reached ***** piety under Cheibriados
 16872 | Lair:6   | Reached skill level 7 in Throwing
 17363 | Lair:6   | Found a runed translucent door.
 17402 | Lair:6   | Reached skill level 5 in Dodging
 17435 | Lair:6   | Paralysed by a hornet for 1 turns
 17597 | Lair:6   | Reached skill level 1 in Shields
 17940 | Lair:5   | You fall into a shaft and drop 1 floor!
 18678 | D:12     | Reached skill level 5 in Invocations
 18700 | D:12     | Noticed Sonja
 18702 | D:12     | Noticed Sonja
 18702 | D:12     | Sonja changed into Sonja the golden eye
 18713 | D:12     | Killed Sonja the golden eye
 18714 | D:12     | Noticed Jorgrun
 18777 | D:12     | Noticed Urug
 18791 | D:12     | Killed Urug
 18960 | D:12     | Noticed an orc warlord
 18978 | D:12     | HP: 6/137 [orc warlord (5)]
 18994 | D:12     | Reached skill level 8 in Throwing
 18996 | D:12     | Killed an orc warlord
 19480 | D:12     | Noticed Azrael
 19495 | D:12     | Killed Azrael
 19599 | D:12     | Killed Jorgrun
 19944 | D:12     | Reached XP level 15. HP: 137/146 MP: 18/18
 20429 | D:13     | Noticed Erolcha
 20434 | D:13     | Killed Erolcha
 20504 | D:13     | Found a gate to the Vaults.
 20504 | D:13     | Noticed Josephine
 20520 | D:13     | Killed Josephine
 21537 | D:14     | Reached skill level 10 in Fighting
 21752 | D:14     | Reached ****** piety under Cheibriados
 21753 | D:14     | Reached skill level 5 in Shields
 22432 | D:14     | Cast into level 3 of the Abyss (a wizard)
 22530 | Abyss:3  | Gained mutation: You passively map a small area around you.
                  | [a neqoxec]
 22604 | Abyss:3  | Reached XP level 16. HP: 39/158 MP: 20/20
 22632 | Abyss:3  | Noticed a tentacled starspawn
 22697 | Abyss:3  | Got an abyssal rune of Zot
 22788 | Abyss:3  | Noticed a bone dragon
 22791 | D:14     | Escaped the Abyss
 22825 | D:14     | Killed a bone dragon
 23271 | D:14     | Identified a scroll of acquirement
 23271 | D:14     | Acquired a manual of Throwing
 23317 | D:15     | Entered Level 15 of the Dungeon
 23616 | D:15     | Found a blossoming altar of Fedhas.
 23799 | D:15     | Found a staircase to the Depths.
 24234 | Orc:1    | Entered Level 1 of the Orcish Mines
 24387 | Orc:1    | Reached skill level 9 in Throwing
 24491 | Orc:1    | Noticed Fannar
 24508 | Orc:1    | Killed Fannar
 24784 | Orc:2    | Entered Level 2 of the Orcish Mines
 24930 | Orc:2    | Noticed Blork the orc
 24940 | Orc:2    | Killed Blork the orc
 24964 | Orc:2    | Reached skill level 10 in Throwing
 24993 | Orc:2    | Found Udaathurph's Antique Armour Emporium.
 25062 | Orc:2    | Found Zaddacomp's Jewellery Emporium.
 25068 | Orc:2    | Found Xuroopt's General Store.
 25214 | Orc:2    | Bought a potion of heal wounds for 60 gold pieces
 25214 | Orc:2    | Bought a potion of heal wounds for 60 gold pieces
 25214 | Orc:2    | Bought a scroll of teleportation for 36 gold pieces
 25278 | Orc:2    | Bought the ring "Bucegat" {rC+ AC+4 Dex+4} for 876 gold
                  | pieces
 25300 | Orc:2    | Found Hematin's Antique Weapon Emporium.
 25459 | Orc:2    | Found a staircase to the Elven Halls.
 25909 | Elf:1    | Entered Level 1 of the Elven Halls
 25951 | Elf:1    | Found a radiant altar of Vehumet.
 25973 | Elf:1    | Reached skill level 11 in Throwing
 25983 | Elf:1    | You fall into a shaft and drop 1 floor!
 26049 | Elf:1    | Reached skill level 10 in Invocations
 26127 | Elf:1    | Found a crumbling gateway.
 26137 | Desolati | Entered the Desolation of Salt
 26152 | Desolati | Reached skill level 12 in Throwing
 26278 | Desolati | Identified the ring of the Solstice {rF+ Int+3 Dex+4}
 26312 | Desolati | Learned a level 4 spell: Passage of Golubria
 26336 | Desolati | Identified the ring "Lalioru" {rElec Will++ SInv}
 26347 | Desolati | Identified the ring "Dyileur" {rC+ Int+4 Slay+2 Stlth+}
 26566 | Desolati | Reached skill level 13 in Throwing
 26577 | Desolati | Got the Compendium of the Glacial Entourage
 26583 | Desolati | Got the Grimoire of Mutagenic Unholy Secrets
 26630 | Desolati | Reached XP level 17. HP: 148/167 MP: 23/23
 26659 | Desolati | Got the Disquisition on Icy Venom
 26665 | Desolati | Identified the amulet "Dyeppu Ameu" {-Tele rC- rN+++ Regen+
                  | Stlth+}
 26673 | Desolati | Identified the +7 spear "Xiece" {speed, Fragile rPois Dex-5
                  | Stlth+}
 27520 | Elf:1    | Got the Volume of Calling
 28263 | Elf:2    | Paralysed by an air elemental for 1 turns
 28274 | Elf:2    | Paralysed by an air elemental for 1 turns
 28280 | Elf:2    | Paralysed by an air elemental for 1 turns
 28293 | Elf:2    | Reached skill level 14 in Throwing
 28328 | Elf:2    | Found Kioblug's Armour Emporium.
 28415 | Elf:2    | Noticed Asterion
 28430 | Elf:2    | Killed Asterion
 28699 | Elf:2    | Found a runed translucent gate.
 28702 | Elf:2    | Found a runed translucent gate.
 28702 | Elf:2    | Found a runed translucent gate.
 28963 | Elf:2    | Found a runed translucent gate.
 28964 | Elf:2    | Found a runed translucent gate.
 28965 | Elf:2    | Found a runed translucent gate.
 28965 | Elf:2    | Noticed hellse's ghost (adept DEEE)
 29268 | Elf:3    | Entered Level 3 of the Elven Halls
 29931 | Elf:3    | Reached XP level 18. HP: 118/182 MP: 25/25
 30519 | Elf:3    | Identified the amulet of Aphenitz {Acrobat Contam Harm +Inv
                  | Regen+}
 30677 | Elf:3    | Acquired 1093 gold pieces
 30683 | Elf:3    | Got the Incunabulum of Twisted Evil Rituals
 31283 | Spider:1 | Entered Level 1 of the Spider Nest
 31586 | Spider:1 | Reached skill level 10 in Dodging
 32355 | Spider:1 | Noticed Nikola
 32375 | Spider:1 | Killed Nikola
 33664 | Spider:3 | Reached skill level 15 in Throwing
 33914 | Spider:3 | Reached XP level 19. HP: 121/195 MP: 23/27
 34653 | Spider:4 | Entered Level 4 of the Spider Nest
 34736 | Spider:4 | Found a frozen archway.
 34747 | IceCv    | Entered an ice cave
 34800 | IceCv    | Found a transporter.
 34814 | IceCv    | Found a transporter.
 34855 | IceCv    | Identified the ring of Jyung {rC+ Dex+4}
 35208 | Spider:4 | HP: 2/197 [spore (26)]
 35208 | Spider:4 | Killed by an exploding spark wasp... ignited by their inner
                  | flame

Illustrated notes

Levels and vault maps discovered:
D:1:      amcnicky_arrival_gap_in_the_tavern_cellar, layout_basic,
          shapermc_ecumenical_altar_gd, minmay_crystal_water
D:2:      layout_basic
D:3:      layout_rooms, worldfamousw_hep_ancestral_shrine,
          minmay_misc_feat_secret_circle, hangedman_decor_growths,
          nicolae_underground_beach
D:4:      minmay_recursive_quarters, layout_basic, kennysheep_generic_room_9,
          uniq_eustachio, uniq_edmund
D:5:      layout_cave_pools, corner_web_ring
D:6:      layout_loops_corners, minmay_temple_entry_grid,
          uniq_crazy_yiuf_cottage
D:7:      layout_loops_ring, gammafunk_ghost_arena
D:8:      minmay_the_grid_octo_2x2 [minmay_the_grid_octo_horde,
          minmay_the_grid_octo_chip, minmay_the_grid_octo_checkered,
          minmay_the_grid_octo_prize_ultimate_mussel_roller], layout_basic,
          nicolae_ossuary_entry_ruins, serial_shops, shop
D:9:      minmay_flawed_box, layout_loops_cross,
          kennysheep_orc_monster_closet_entryway, serial_co_window_serial,
          co_window_of_opportunity_a, co_window_corner_a, co_window_paths_a,
          co_window_corner_a, co_window_paths_a, co_window_broadway_c,
          co_window_unsneaky_path_d, co_window_broadway_b, co_window_corner_b,
          co_window_4corner_b
D:10:     layout_basic, minivault_24
D:11:     layout_cave_pools, due_lair_maze_entry_diamond,
          gauntlet_entry_generic, uniq_harold
D:12:     nzn_winding_woodlands_large [nzn_winding_woodlands_5x5_perimeter,
          nzn_winding_woodlands_5x15_garden,
          nzn_winding_woodlands_5x5_checkerboard,
          nzn_winding_woodlands_center_diamonds,
          nzn_winding_woodlands_15x15_boxy_spiral,
          nzn_winding_woodlands_center_garden,
          nzn_winding_woodlands_5x5_closed_star,
          nzn_winding_woodlands_5x15_sidewinder,
          nzn_winding_woodlands_5x5_open_star], layout_long_grid, uniq_sonja,
          uniq_urug, uniq_azrael, uniq_jorgrun
D:13:     layout_irregular_city, david_vaults_2, uniq_erolcha, uniq_josephine
D:14:     minmay_stepped, layout_stronghold, serial_park_square2
D:15:     grunt_enter_depths_snipers, layout_stronghold, serial_column_ruins,
          column_ruins_hut_pillars, column_ruins_corridor_straight,
          column_ruins_corridor_T, column_ruins_open_tiny,
          column_ruins_open_medium, column_ruins_grid_1, serial_park_central
          [serial_park_minivault_5x5_1, serial_park_minivault_5x5_4]
Temple:   mainiacjoe_temple_circle_huts
Lair:1:   layout_roguey [special_room_bee]
Lair:2:   layout_roguey, minmay_shoals_entry_lonely_mermaid
Lair:3:   layout_loops_ring, basic_altar
Lair:4:   layout_long_grid, spider_nest_entry_web_field,
          gammafunk_lair_bear_cave
Lair:5:   layout_regular_city, lemuel_oklob_altar, grunt_megastairs_1,
          serial_bayou_shore_b, serial_bayou_shore_a
Lair:6:   hangedman_lair_caniforms_friends, layout_gridlike, wormcave,
          minmay_slime_entry_jelly_boxes, serial_bayou_crossing
Spider:1: layout_spider_delve, uniq_nikola
Spider:2: layout_chambers, nicolae_spider_circle_web, nicolae_spider_cling_halls
Spider:3: layout_spider_delve, nicolae_spider_eight_legs
Spider:4: grunt_spider_rune_island, portal_ice_cave_entry_pillars_1,
          hangedman_spider_tarantella_strand
Orc:1:    layout_diamond_mine, mines1_david, uniq_fannar
Orc:2:    grunt_orc_cross, layout_caves
Elf:1:    eino_elf_arrival_altar, layout_geoelf_diagonals, special_room
          [special_room_orc], portal_desolation_entry_garden,
          minmay_elf_demonology
Elf:2:    elven_hall_of_blades_hangedman_original [nicolae_blade_tridents],
          layout_loops_corners, serial_shops, nicolae_shop_behind_doors,
          gammafunk_ghost_tricky_traps, serial_sigils_hangedman_shear,
          uniq_asterion
Elf:3:    minmay_elf_hall_four_x, layout_gridlike, minivault_14

Skill      XL: |  1  2  3  4  5  6  7  8  9 10 11 12 13 14 15 16 17 18 19 |
---------------+----------------------------------------------------------+-----
Throwing       | 1 2 3 5 6 8 13 14 15 | 15.8
Dodging        | 2 4 6 8 10 | 10.5
Fighting       | 2 3 4 6 7 8 9 10 11 13 14 | 14.1
Unarmed Combat | 3 4 6 7 8 |  8.3
Spellcasting   | 2 |  2.0
Translocations | 3 4 5 6 7 |  7.0
Evocations     | 1 2 4 5 6 8 |  8.0
Maces & Flails | 1 8 11 12 | 12.0
Armour         | 6 7 |  7.0
Invocations    | 3 5 7 10 11 12 | 12.0
Shields        | 3 7 8 |  8.0

Action                   |  1- 3 |  4- 6 |  7- 9 | 10-12 | 13-15 | 16-18 | 19-21 || total
-------------------------+-------+-------+-------+-------+-------+-------+-------++-------
Melee: Unarmed           |    81 |    50 |   381 |   137 |       |       |       ||   649
       Punch             |     1 |     2 |    13 |    25 |    79 |     1 |       ||   121
       Demon whip        |       |       |       |   694 |  1253 |  1687 |   335 ||  3969
Throw: Dart              |       |    35 |    52 |    57 |    53 |   131 |       ||   328
       Boomerang         |       |       |       |     5 |       |     9 |       ||    14
       Throwing net      |       |       |       |     2 |     2 |       |       ||     4
       Javelin           |       |       |       |       |       |    12 |     4 ||    16
       Large rock        |       |       |       |       |       |    13 |    14 ||    27
 Cast: Blink             |       |     6 |     5 |    24 |    10 |    13 |     2 ||    60
Invok: Slouch            |       |       |       |       |     5 |    13 |     5 ||    23
       Step From Time    |       |       |       |       |       |     1 |       ||     1
Evoke: Wand              |       |       |     1 |    21 |     7 |     8 |     1 ||    38
       Tin of tremorston |       |       |       |     2 |     2 |     8 |     2 ||    14
       Condenser vane    |       |       |       |     1 |     3 |     5 |     1 ||    10
       Phantom mirror    |       |       |       |       |     3 |     4 |       ||     7
  Use: Potion            |       |     2 |     2 |    13 |     6 |     1 |       ||    24
       Scroll            |       |       |    14 |    11 |    15 |    13 |     3 ||    56
 Stab: Distracted        |       |       |       |       |       |     1 |       ||     1
Armor: Robe              |    35 |    22 |    75 |    50 |       |       |       ||   182
       Skin              |       |       |       |    32 |       |       |       ||    32
       Acid dragon scale |       |       |       |    81 |       |       |       ||    81
       Pearl dragon scal |       |       |       |   132 |   425 |   463 |   185 ||  1205
Dodge: Dodged            |    34 |    33 |   165 |   289 |   677 |   555 |   203 ||  1956
Block: Other             |       |       |    26 |   180 |   212 |       |       ||   418
       Reflection        |       |       |       |     6 |    23 |    75 |       ||   104
       Kite shield       |       |       |       |       |       |  1112 |   344 ||  1456

Table legend: (Time is in decaauts)
 A = Elapsed time spent in this place.
 B = Non-inter-level travel time spent in this place.
 C = Inter-level travel time spent in this place.
 D = Time resting spent in this place.
 E = Time spent auto-exploring this place.
 F = Levels seen in this place.
 G = Mean time per level.
                   A        B        C        D        E       F      G
               +--------+--------+--------+--------+--------+-----+--------+
         Total |  45170 |  42166 |   3004 |    723 |  31709 |  36 | 1254.7 |
       Dungeon |  19045 |  17677 |   1368 |    281 |  13776 |  15 | 1269.7 |
        Temple |    153 |    102 |     51 |      0 |     91 |   1 |  153.0 |
          Lair |   8272 |   7562 |    710 |     94 |   6236 |   6 | 1378.7 |
   Spider Nest |   5888 |   5747 |    141 |     25 |   4589 |   4 | 1472.0 |
  Orcish Mines |   2791 |   2511 |    280 |      0 |   1903 |   2 | 1395.5 |
   Elven Halls |   6198 |   5747 |    451 |    141 |   4129 |   3 | 2066.0 |
         Abyss |    395 |    395 |      0 |    108 |     80 |   1 |  395.0 |
       Ossuary |    379 |    379 |      0 |      0 |    298 |   1 |  379.0 |
      Ice Cave |    144 |    144 |      0 |      0 |      0 |   1 |  144.0 |
    Desolation |   1483 |   1483 |      0 |     45 |    391 |   1 | 1483.0 |
      Gauntlet |    418 |    418 |      0 |     29 |    214 |   1 |  418.0 |
               +--------+--------+--------+--------+--------+-----+--------+

Top non-repeatable levels by time:
    D:12: 2616 daAuts
   Elf:3: 2520 daAuts
  Lair:6: 2442 daAuts
    D:14: 2325 daAuts
     D:8: 2201 daAuts
Spider:2: 2130 daAuts
   Elf:1: 2040 daAuts
Spider:1: 1779 daAuts
   Orc:2: 1769 daAuts
     D:9: 1704 daAuts
   Elf:2: 1638 daAuts
    D:13: 1494 daAuts
Desolation: 1483 daAuts
Spider:3: 1473 daAuts
    D:15: 1468 daAuts
